 Dungeon Crawl Stone Soup version 0.29-a0-275-g389c0b56f3 (webtiles) character file.

Game seed: 16765748251042845643

364050 Hasart the Marksdemigod (level 20, -8/176 HPs)
             Began as a Demigod Hunter on Mar 9, 2022.
             Mangled by Mennas
             ... wielding a +2 sacred scourge of holy wrath
              (15 damage)
             ... on level 4 of the Depths on Mar 11, 2022.
             The game lasted 04:08:27 (54877 turns).

Hasart the Marksdemigod (Demigod Hunter)           Turns: 54877, Time: 04:08:27

Health: -8/176     AC: 19    Str: 13    XL:     20   Next: 67%
Magic:  37/37      EV: 33    Int: 13    God:
Gold:   2204       SH:  0    Dex: 43    Spells: 25/35 levels left

rFire   + + .      SeeInvis +   N - +5 longbow (flame)
rCold   + . .      Faith    .   (shield currently unavailable)
rNeg    . . .      Spirit   .   a - +2 faerie dragon scales {rElec rF+ rCorr}
rPois   .          Reflect  .   K - +2 hat {Will+}
rElec   +          Harm     .   Q - scarf {rC+ rF+}
rCorr   +          Rampage  .   J - +3 pair of gauntlets of War {Slay+5}
Will    +++..                   f - +0 pair of boots
Stlth   +++.......              e - amulet of regeneration
HPRegen 1.19/turn               Z - ring of Zeb Fape {Dex+5 SInv}
MPRegen 0.25/turn               F - +4 ring of protection

@: glowing, silenced
A: high MP 1, forlorn, divine attributes
}: 2/15 runes: barnacled, gossamer
a: no special abilities


You were on level 4 of the Depths.
You visited 7 branches of the dungeon, and saw 38 of its levels.
You also visited: Bailey, Gauntlet and Wizlab.

You collected 4842 gold pieces.
You spent 2638 gold pieces at shops.

Inventory:

Hand Weapons
 v - a +2 longbow of freezing
 N - a +5 longbow of flaming (weapon)
Missiles
 L - 7 throwing nets
Armour
 a - the +2 faerie dragon scales (worn) {rElec rF+ rCorr}
   (You took it off the Enchantress on level 3 of the Depths)

   rF:        It protects you from fire.
   rElec:     It insulates you from electricity.
   rCorr:     It protects you from acid and corrosion.
 f - a +0 pair of boots (worn)
 y - a +2 cloak of poison resistance
 D - the +4 ring mail "Asiqex" {rF- rN+++ Int-3 SInv}
   (You found it on level 9 of the Dungeon)

   Int:       It affects your intelligence (-3).
   rF:        It makes you vulnerable to fire.
   rN:        It renders you almost immune to negative energy.
   SInv:      It lets you see invisible.
 E - a +2 troll leather armour
 J - the +3 pair of gauntlets of War (worn) {Slay+5}
   (You bought it in a shop on level 4 of the Dungeon)

   Slay:      It affects your accuracy & damage with ranged weapons and melee
   (+5).
 K - a +2 hat of willpower (worn)
 P - the +1 cloak of Faul {rElec rN+ Will- rCorr}
   (You found it in a Gauntlet)

   rElec:     It insulates you from electricity.
   rN:        It protects you from negative energy.
   rCorr:     It protects you from acid and corrosion.
   Will:      It decreases your willpower.
 Q - a scarf of resistance (worn)
 X - a scarf of repulsion
Jewellery
 e - an amulet of regeneration (around neck)
 j - a ring of ice
 n - a ring of willpower
 p - a ring of flight
 r - a ring of protection from fire
 s - a ring of resist corrosion
 F - a +4 ring of protection (right hand)
 R - the ring "Jerid" {rElec rN+ MP+9 Dex-5}
   (You found it in a Gauntlet)

   [ring of magical power]

   Dex:       It affects your dexterity (-5).
   rElec:     It insulates you from electricity.
   rN:        It protects you from negative energy.
   MP:        It affects your magic capacity (+9).
 S - a ring of positive energy
 Z - the ring of Zeb Fape (left hand) {Dex+5 SInv}
   (You took it off a deep elf elementalist on level 3 of the Elven Halls)

   [ring of see invisible]

   Dex:       It affects your dexterity (+5).
   SInv:      It lets you see invisible.
Wands
 b - a wand of iceblast (22)
 t - a wand of paralysis (18)
 w - a wand of digging (5)
 I - a wand of acid (10)
Scrolls
 c - 3 scrolls of immolation
 h - 14 scrolls of identify
 k - 7 scrolls of teleportation
 l - 5 scrolls of magic mapping
 m - 5 scrolls of fear
 B - 4 scrolls of fog
 H - 5 scrolls of summoning
 M - 6 scrolls of enchant armour
 T - 2 scrolls of holy word
 Y - 4 scrolls of blinking
Potions
 d - 15 potions of ambrosia
 i - 5 potions of haste
 q - 7 potions of curing
 A - 4 potions of heal wounds
 C - 4 potions of might
 O - 21 potions of mutation
 U - 2 potions of cancellation
 V - 4 potions of invisibility
 W - 2 potions of resistance
Miscellaneous
 g - a phial of floods
 o - a condenser vane
 u - a phantom mirror (inert)
 z - a box of beasts
 G - a tin of tremorstones (1/2)


   Skills:
 + Level 14.6 Fighting
 * Level 20.2 Bows
 + Level 14.5 Dodging
 - Level 14.0 Stealth
 - Level 8.0 Spellcasting
 - Level 6.0 Summonings
 + Level 10.3 Necromancy
 - Level 7.0 Translocations
 - Level 10.0 Earth Magic
 - Level 10.0 Evocations


You had 25 spell levels left.
You knew the following spells:

 Your Spells              Type           Power      Damage    Failure   Level
b - Blink                 Tloc           46%        N/A       1%          2
c - Call Canine Familiar  Summ           20%        N/A       4%          3
d - Borgnjor's Vile Clut  Necr/Erth      15%        N/A       9%          5

Your spell library contained the following spells:

 Spells                   Type           Power      Damage    Failure   Level
 Pain                     Necr           100%       1d9       1%          1
 Sandblast                Erth           62%        2d14      1%          1
 Summon Small Mammal      Summ           80%        N/A       1%          1
 Sublimation of Blood     Necr           32%        N/A       1%          2
 Animate Dead             Necr           16%        N/A       2%          4
 Dispel Undead            Necr           32%        3d14      2%          4
 Corpse Rot               Necr/Air       36%        N/A       3%          2
 Passwall                 Tmut/Erth      15%        N/A       3%          2
 Lesser Beckoning         Tloc           23%        N/A       3%          3
 Stone Arrow              Conj/Erth      36%        3d9       8%          3
 Animate Armour           Summ/Erth      52%        N/A       8%          4
 Agony                    Necr           32%        N/A       8%          5
 Lee's Rapid Deconstruct  Erth           15%        3d11*     9%          5
 Summon Guardian Golem    Hex/Summ       13%        N/A       17%         3
 Beastly Appendage        Tmut           10%        N/A       21%         1
 Foxfire                  Conj/Fire      20%        2x1d5     21%         1
 Shock                    Conj/Air       20%        1d4       21%         1
 Sting                    Tmut/Pois      20%        1d4       21%         1
 Anguish                  Hex/Necr       9%         N/A       24%         4
 Leda's Liquefaction      Hex/Erth       9%         N/A       26%         4
 Petrify                  Tmut/Erth      18%        N/A       26%         4
 Ensorcelled Hibernation  Hex/Ice        10%        N/A       30%         2
 Wereblood                Tmut           5%         N/A       30%         2
 Manifold Assault         Tloc           23%        N/A       30%         5
 Summon Forest            Summ/Tloc      11%        N/A       36%         5
 Death Channel            Necr           16%        N/A       41%         6
 Iskenderun's Mystic Bla  Conj/Tloc      14%        2d5       43%         4
 Summon Ice Beast         Ice/Summ       13%        N/A       50%         4
 Confusing Touch          Hex            5%         N/A       52%         3
 Conjure Flame            Conj/Fire      5%         6-21      52%         3
 Dazzling Flash           Conj/Hex       10%        N/A       52%         3
 Frozen Ramparts          Ice            10%        1d3       52%         3
 Ignite Poison            Fire/Tmut/Pois 5%         N/A       52%         3
 Inner Flame              Hex/Fire       5%         N/A       52%         3
 Mephitic Cloud           Conj/Pois/Air  5%         N/A       52%         3
 Ozocubu's Armour         Ice            5%         N/A       52%         3
 Spider Form              Tmut/Pois      5%         N/A       52%         3
 Swiftness                Air            5%         N/A       52%         3
 Summon Mana Viper        Hex/Summ       13%        N/A       85%         5
 Airstrike                Air            2%         N/A       89%         4
 Flame Wave               Conj/Fire      5%         2d5       89%         4
 Fulminant Prism          Conj/Hex       2%         3d6       89%         4
 Ice Form                 Ice/Tmut       5%         N/A       89%         4
 Summon Cactus Giant      Summ           10%        N/A       95%         6
 Iron Shot                Conj/Erth      9%         9d3       98%         6
 Simulacrum               Ice/Necr       9%         N/A       98%         6
 Statue Form              Tmut/Erth      12%        N/A       98%         6
 Alistair's Intoxication  Tmut/Pois      3%         N/A       99%         5
 Blade Hands              Tmut           2%         N/A       99%         5
 Fireball                 Conj/Fire      2%         3d4       99%         5
 Freezing Cloud           Conj/Ice/Air   2%         6-21      99%         5
 Iskenderun's Battlesphe  Conj           5%         2d6       99%         5
 Metabolic Englaciation   Hex/Ice        2%         N/A       99%         5
 Silence                  Hex/Air        2%         N/A       99%         5
 Conjure Ball Lightning   Conj/Air       2%         3x3d6     100%        6
 Eringya's Noxious Bog    Tmut/Pois      2%         N/A       100%        6
 Dragon Form              Tmut           2%         N/A       100%        7
 Monstrous Menagerie      Summ           10%        N/A       100%        7
 Orb of Destruction       Conj           2%         9d5       100%        7
 Storm Form               Tmut/Air       2%         N/A       100%        7
 Summon Hydra             Summ           10%        N/A       100%        7
 Discord                  Hex            2%         N/A       100%        8
 Disjunction              Tloc           11%        N/A       100%        8
 Maxwell's Capacitive Co  Air            2%         ∞         100%        8
 Fire Storm               Conj/Fire      2%         8d1       100%        9


Dungeon Overview and Level Annotations

Branches:
Dungeon (15/15)            Temple (0/1) D:6            Lair (6/6) D:11
 Shoals (4/4) Lair:2       Spider (4/4) Lair:3        Slime (0/5) Lair:6
    Orc (2/2) D:12            Elf (3/3) Orc:2        Vaults (0/5) D:13
 Depths (4/4) D:15         Bailey (visited)          WizLab (visited)
Gauntlet (visited)
    Zot: Depths:4

Shops:
D:1 :   D:3 ?   D:4 ![:[[   D:14 =   D:15 *   Orc:2 :*[(   Elf:3 ?
Shoals:3 (=

Portals:
Hell: Depths:1 Depths:2 Depths:3
Abyss: Depths:3
Pandemonium: Depths:2 Depths:3
Ziggurat: Depths:2

Annotations:
D:4 1 runed translucent door, Crazy Yiuf
Shoals:3 1 runed translucent door, exclusion: downstairs
Elf:2 3 runed translucent doors, exclusion: obsidian statue, RNPValinor's ghost, adept DsFi
Depths:1 1 runed translucent door, exclusions: 2 obsidian statues and orange crystal statue
Depths:4 Josephina; Mennas; Vv


Innate Abilities, Weirdness & Mutations

You have an increased reservoir of magic. (+10% MP)
You shall have no god before yourself.
Your divine heritage dramatically boosts your attributes as you level up.


Message History

The burst of rock shards engulfs Vv but does no damage.
The burst of rock shards engulfs the fire dragon.
The burst of rock shards engulfs Mennas!
The burst of rock shards engulfs you but does no damage.
The burst of rock shards engulfs the ice dragon.
The burst of rock shards engulfs Vv but does no damage.
The burst of rock shards engulfs Mennas.
The burst of rock shards engulfs you.
* * * LOW HITPOINT WARNING * * *
Your surroundings seem slightly different.
You hear a shout! x2; You hear a deafening roar!
You hear a shout!
You hear a deafening roar!
You hear a roar!
A titan simulacrum comes into view.
Josephina casts a spell.
Josephina binds the souls of nearby monsters.
Unknown command.
Unknown command.
Unknown command.
Unknown command.
Unknown command.
Unknown command.
Unknown command.
Unknown command.
Blink to where?
Press: ? - help, Dir - move target, p - Vv
As you read the scroll of blinking, it crumbles to dust.
Mennas gestures frantically.
Mennas's surroundings become eerily quiet.
Vv rends the earth beneath you! The blast of magma engulfs you!!
You partially resist.
* * * LOW HITPOINT WARNING * * *
Unknown command.
Mennas gestures at you.
An ice dragon comes into view.
Mennas attacks as you move away! Mennas hits you but does no damage.
Mennas completely misses you.
Mennas hits you with a +2 sacred scourge of holy wrath!!
* * * LOW HITPOINT WARNING * * *
Mennas hits you with a +2 sacred scourge of holy wrath!
You die...

# ###### # #### ....##
#### #..#####...######
#....
##....##..#.#....##..# ##
##..≈..#...#A@........#
.###...≈..#....####....###
...##.§≈......## #...#.#
...#.......##.##########
).......≈.......#
........##≈.......
........##....##.##
.............D.###
........##.....#


You could see Mennas (silencing).

Vanquished Creatures
  A caustic shrike (Depths:2)
  the Enchantress (Depths:3)
  Jorgrun (D:15)
  Mlioglotl (Spider:1)
  Zenata (Elf:3)
  Rupert (D:14)
  2 deep elf blademasters (Elf:3)
  A lich (Depths:4)
  A walking divine tome (Depths:2)
  A deep elf master archer (Elf:3)
  A quicksilver dragon (Depths:3)
  Frances (Shoals:1)
  A storm dragon (Depths:3)
  Kirke (Lair:2)
  Gastronok (Lair:2)
  5 sphinxes
  Roxanne (Elf:3)
  A shadow dragon (Depths:2)
  An azure jelly (Lair:4)
  2 tengu reavers
  An emperor scorpion (Spider:2)
  Donald (Orc:2)
  2 frost giants
  4 fire giants
  Louise (Shoals:2)
  10 deep elf sorcerers (Elf:3)
  An orc warlord (Orc:2)
  4 ghost moths
  4 deep elf elementalists (Elf:3)
  11 stone giants
  3 broodmothers
  4 spriggan defenders
  A reaper (Depths:1)
  A vampire knight (Depths:2)
  10 very ugly things
  Nessos (D:14)
  6 deep elf demonologists
  Azrael (Elf:2)
  4 deep elf annihilators (Elf:3)
  12 spark wasps
  4 ettins
  2 minotaurs
  Snorg (Lair:5)
  4 entropy weavers
  4 deep elf death magi (Elf:3)
  A merfolk javelineer (Shoals:1)
  7 fire dragons
  6 merfolk impalers
  2 deep elf high priests (Elf:3)
  2 rakshasas
  16 hydras
  A jorogumo (Spider:1)
  14 boulder beetles
  3 merfolk avatars
  3 hell beasts
  3 merfolk aquamancers
  2 ice dragons (Depths:1)
  A catoblepas (Depths:2)
  5 spriggan air magi
  2 death knights (D:9)
  3 centaur warriors
  Erica (Lair:2)
  7 two-headed ogres
  3 alligator snapping turtles (Shoals:4)
  10 satyrs
  4 deep troll shamans
  4 deep troll earth magi
  19 death yaks
  11 tengu warriors
  17 dancing weapons
  2 thrashing horrors (Gauntlet)
  2 vampire magi
  4 orc high priests
  16 hell knights
  3 spriggan berserkers
  6 deep elf knights
  4 skeletal warriors
  7 pharaoh ants
  A sixfirhy (Depths:2)
  3 death drakes (shapeshifter)
  7 iron trolls
  A flayed ghost (Depths:2)
  2 fire crabs (shapeshifter) (WizLab)
  24 deep trolls
  2 sun moths (Spider:4)
  5 sea snakes
  6 large abominations (WizLab)
  13 orb spiders
  12 deep elf archers
  13 steelbarb worms
  7 wizards
  A lindwurm (Lair:6)
  15 harpies
  29 deep elf pyromancers
  3 necromancers
  19 deep elf zephyrmancers
  2 harpies (shapeshifter) (WizLab)
  7 orc knights
  A wolf spider (shapeshifter) (WizLab)
  45 ugly things
  23 fauns
  5 orc sorcerers
  An oklob plant (Lair:6)
  15 wolf spiders
  6 cyclopes
  22 manticores
  6 moths of wrath
  An eye of devastation (shapeshifter) (Elf:2)
  24 elephants
  8 merfolk sirens
  7 water nymphs
  Joseph (D:8)
  Maurice (D:9)
  9 black mambas
  4 cane toads (shapeshifter) (WizLab)
  2 molten gargoyles (Lair:6)
  6 torpor snails
  An unseen horror (shapeshifter) (WizLab)
  7 kobold demonologists
  14 cane toads
  A rime drake (shapeshifter) (WizLab)
  10 rime drakes
  11 demonic crawlers
  13 komodo dragons
  2 efreet
  4 centaur skeletons (D:13)
  3 freezing wraiths
  A yaktaur (shapeshifter) (WizLab)
  3 tengu conjurers
  12 trolls
  2 queen bees (Lair:2)
  4 meliai (shapeshifter)
  6 meliai
  A queen bee (shapeshifter) (WizLab)
  34 merfolk
  2 polar bears
  A tyrant leech (shapeshifter) (Elf:1)
  2 polar bears (shapeshifter) (WizLab)
  2 wind drakes (Shoals:4)
  15 tarantellas
  A hornet (shapeshifter) (WizLab)
  9 blink frogs
  7 dream sheep
  A raiju (shapeshifter) (WizLab)
  A merfolk (shapeshifter) (WizLab)
  4 hornets
  7 snapping turtles
  Prince Ribbit (D:7)
  5 slime creatures
  A spriggan (shapeshifter) (D:13)
  17 culicivoras
  30 jumping spiders
  5 air elementals
  2 culicivoras (shapeshifter) (WizLab)
  12 wyverns
  4 shadows (Gauntlet)
  2 humans
  19 basilisks
  14 water elementals
  2 jumping spiders (shapeshifter) (WizLab)
  4 spriggans
  4 wraiths
  33 yaks
  3 hogs (Shoals:1)
  3 fire elementals
  10 vampire mosquitoes
  A redback (shapeshifter) (WizLab)
  4 steam dragons
  51 redbacks
  4 fire bats (D:14)
  2 wargs
  An iron golem (WizLab)
  17 water moccasins
  Edmund (D:4)
  5 acid dragons
  19 hell hounds
  4 floating eyes (WizLab)
  An ice beast (shapeshifter) (WizLab)
  2 ice beasts (D:5)
  42 orc warriors
  2 ogres (Orc:2)
  A black bear (Lair:2)
  A boggart (D:13)
  16 wolves
  8 centaurs
  9 small abominations
  7 kobold brigands
  5 earth elementals
  A gnoll sergeant (D:11)
  9 bullfrogs
  4 scorpions
  6 necrophages
  28 wights
  52 killer bees
  5 howler monkeys
  A centaur zombie (D:9)
  7 lava snakes
  2 hounds
  7 jellies
  20 orc priests
  2 gnoll shamans
  2 iguanas
  Ijyb (D:2)
  9 hell rats (Lair:6)
  20 orc wizards
  A howler monkey zombie (D:9)
  14 adders
  14 gnolls
  A shadow imp (D:6)
  A howler monkey simulacrum (D:9)
  A white imp (D:6)
  4 worms
  5 dart slugs
  77 orcs
  3 bats (D:2)
  7 endoplasms
  3 giant cockroaches
  7 goblins
  7 hobgoblins
  3 jackals (D:4)
  22 kobolds
  3 quokkas
  10 ball pythons
  5 frilled lizards
  9 rats
  3 fire vortices (D:14)
1604 creatures vanquished.

Vanquished Creatures (collateral kills)
  A mutant beast (WizLab)
  Asterion (Elf:3)
  A troll (D:11)
  A large abomination (WizLab)
  A vampire (D:11)
  A shadow (D:10)
  An orc priest (Orc:2)
  A kobold (D:10)
8 creatures vanquished.

Vanquished Creatures (others)
  An iron dragon simulacrum (Depths:4)
  A water elemental (Elf:3)
  A fire elemental (Elf:3)
  A scorpion (D:6)
  An orc priest (D:4)
  A gnoll (D:5)
  An orc (D:6)
  14 demonic plants (Gauntlet)
  24 fungi
  85 plants
  5 withered plants (D:9)
135 creatures vanquished.

Grand Total: 1747 creatures vanquished

Notes
Turn   | Place    | Note
-------+----------+-------------------------------------------
     0 | D:1      | Hasart the Demigod Hunter began the quest for the Orb.
     0 | D:1      | Reached XP level 1. HP: 17/17 MP: 3/3
    33 | D:1      | Reached skill level 1 in Stealth
   103 | D:1      | Found Hidoepraorgho's Book Shoppe.
   328 | D:1      | Reached XP level 2. HP: 24/24 MP: 4/4
   384 | D:1      | Learned a level 1 spell: Summon Small Mammal
   938 | D:2      | Reached XP level 3. HP: 29/29 MP: 5/5
  1104 | D:2      | Reached skill level 4 in Bows
  1401 | D:2      | Reached XP level 4. HP: 37/37 MP: 6/6
  1517 | D:2      | Reached skill level 1 in Summonings
  1542 | D:3      | Noticed Ijyb
  1593 | D:2      | Killed Ijyb
  1796 | D:3      | Found Pastruv's Magic Scroll Shop.
  1813 | D:3      | Bought a scroll of blinking for 82 gold pieces
  1934 | D:3      | Reached XP level 5. HP: 31/42 MP: 7/7
  2310 | D:4      | Found Gujaudgha's Armour Emporium.
  2336 | D:4      | Reached skill level 1 in Evocations
  2474 | D:4      | Found Kacif's Book Shoppe.
  2826 | D:4      | Found Capheha's Antique Armour Shoppe.
  2827 | D:4      | Found Rianiat's Antique Armour Shoppe.
  2830 | D:4      | Noticed Edmund
  2861 | D:4      | Reached XP level 6. HP: 22/50 MP: 8/8
  2928 | D:3      | Learned a level 3 spell: Call Canine Familiar
  2974 | D:4      | Found a runed translucent door.
  2975 | D:4      | Noticed Crazy Yiuf
  3245 | D:5      | Entered Level 5 of the Dungeon
  3245 | D:5      | You fall into a shaft and drop 1 floor!
  3319 | D:6      | Found a staircase to the Ecumenical Temple.
  3652 | D:5      | Reached skill level 5 in Bows
  3878 | D:5      | Reached XP level 7. HP: 57/57 MP: 9/9
  4102 | D:6      | Noticed a steam dragon
  4307 | D:6      | Killed a steam dragon
  4354 | D:6      | Reached skill level 6 in Bows
  4354 | D:6      | Reached XP level 8. HP: 59/66 MP: 10/10
  4710 | D:7      | Found a flagged portal.
  4718 | Bailey   | Entered a bailey
  4900 | D:7      | Noticed Prince Ribbit
  4919 | D:7      | Killed Prince Ribbit
  5270 | D:4      | Killed Edmund
  5356 | D:4      | Found Doddedgh's Distillery.
  5886 | D:7      | Reached skill level 7 in Bows
  5886 | D:7      | Reached XP level 9. HP: 53/72 MP: 11/11
  6428 | D:8      | Noticed Joseph
  6600 | D:7      | Reached skill level 5 in Stealth
  6835 | D:8      | HP: 3/60 [Joseph/sling bullet (5)]
  6894 | D:8      | Killed Joseph
  6895 | D:8      | Reached skill level 5 in Fighting
  6895 | D:8      | Reached skill level 5 in Dodging
  7304 | D:9      | Noticed Maurice
  7313 | D:9      | Killed Maurice
  7314 | D:9      | Reached skill level 8 in Bows
  7749 | D:9      | Noticed a kobold demonologist
  7750 | D:9      | Noticed a kobold demonologist
  7766 | D:9      | Noticed a hellwing
  7780 | D:8      | Killed a kobold demonologist
  7833 | D:9      | Noticed a smoke demon
  7836 | D:8      | Killed a kobold demonologist
  7837 | D:8      | Reached skill level 5 in Summonings
  7837 | D:8      | Reached XP level 10. HP: 82/82 MP: 13/13
  8051 | D:8      | Reached skill level 5 in Evocations
  8642 | D:9      | Identified the +4 ring mail "Asiqex" {rF- rN+++ Int-3 SInv}
  8859 | D:9      | Noticed a two-headed ogre
  9066 | D:10     | Entered Level 10 of the Dungeon
  9066 | D:10     | Noticed a two-headed ogre
  9161 | D:10     | Reached skill level 9 in Bows
  9579 | D:9      | Noticed a two-headed ogre
  9599 | D:9      | Killed a two-headed ogre
  9753 | D:9      | Killed a two-headed ogre
  9861 | D:9      | Reached XP level 11. HP: 91/91 MP: 14/14
  9975 | D:9      | Found a runed translucent door.
  9977 | D:9      | Found a runed translucent door.
  9977 | D:9      | Found a runed translucent door.
  9977 | D:9      | Noticed a centaur warrior
 10130 | D:9      | Killed a two-headed ogre
 10811 | D:10     | Noticed a sun demon
 10859 | D:10     | Noticed a sixfirhy
 11539 | D:11     | Noticed a boulder beetle
 11832 | D:11     | Noticed a two-headed ogre
 11855 | D:11     | Killed a two-headed ogre
 11856 | D:11     | Reached skill level 10 in Bows
 11921 | D:11     | Noticed a boulder beetle
 12223 | D:4      | Bought the +3 pair of gauntlets of War {Slay+5} for 522
                  | gold pieces
 12223 | D:4      | Found the +3 pair of gauntlets of War {Slay+5}
 12720 | D:11     | Killed a boulder beetle
 13053 | D:11     | Killed a boulder beetle
 13070 | D:11     | Found a staircase to the Lair.
 13154 | Lair:1   | Entered Level 1 of the Lair of Beasts
 13426 | D:12     | Noticed a deep elf pyromancer
 13437 | D:12     | Killed a deep elf pyromancer
 13664 | D:12     | Reached XP level 12. HP: 100/100 MP: 15/15
 13675 | D:12     | Reached skill level 11 in Bows
 13927 | D:12     | Found a staircase to the Orcish Mines.
 14461 | Orc:1    | Entered Level 1 of the Orcish Mines
 15267 | Orc:2    | Entered Level 2 of the Orcish Mines
 15465 | Orc:2    | Found a staircase to the Elven Halls.
 15627 | Orc:1    | Reached skill level 12 in Bows
 15794 | Orc:2    | Noticed Donald
 15817 | Orc:2    | Killed Donald
 16107 | Orc:2    | Noticed an orc warlord
 16586 | Orc:2    | Killed an orc warlord
 16651 | Orc:2    | Reached XP level 13. HP: 102/110 MP: 16/16
 17031 | Orc:2    | Noticed a stone giant
 17044 | Orc:2    | Killed a stone giant
 17187 | Orc:2    | Reached skill level 13 in Bows
 17246 | Orc:2    | Reached skill level 10 in Stealth
 17348 | Orc:2    | Found Xitalodas's Antique Armour Shoppe.
 17349 | Orc:2    | Found Ivabboq's Antique Weapon Emporium.
 17351 | Orc:2    | Found Liytadgh's General Store.
 17351 | Orc:2    | Found Haefal's Book Shoppe.
 17650 | Orc:2    | Bought a runed helmet for 157 gold pieces
 17938 | D:4      | Bought an ichor-stained leather armour for 161 gold pieces
 17938 | D:4      | Identified the +1 leather armour "Bocvug" {Regen+ Dex+2}
                  | (You bought it in a shop on level 4 of the Dungeon)
 18590 | D:9      | Identified the +5 hunting sling "Isemoz" {flame, Int+2
                  | Dex+2}
 18591 | D:9      | Got the Grimoire of the Enchanting Birds
 18981 | Lair:1   | Identified the +4 chain mail of Claustrophobia {rPois Str+3
                  | Dex-4}
 19604 | Lair:2   | Noticed Gastronok
 19769 | Lair:2   | Killed Gastronok
 20141 | Lair:2   | Reached skill level 14 in Bows
 20147 | Lair:2   | Reached XP level 14. HP: 119/119 MP: 17/17
 20171 | Lair:2   | Reached skill level 10 in Fighting
 20205 | Lair:2   | Reached skill level 10 in Dodging
 20576 | Lair:2   | Noticed Erica
 20591 | Lair:2   | Killed Erica
 20721 | Lair:2   | Found a staircase to the Shoals.
 21213 | Lair:3   | Found a hole to the Spider Nest.
 22026 | Lair:4   | Noticed an azure jelly
 22282 | Lair:4   | Killed an azure jelly
 22689 | Lair:5   | Noticed Snorg
 22963 | Lair:4   | Reached skill level 15 in Bows
 23166 | Orc:2    | Bought Great Wizards, Vol. II for 456 gold pieces
 23169 | Orc:2    | Learned a level 2 spell: Blink
 23175 | Orc:2    | Learned a level 5 spell: Borgnjor's Vile Clutch
 23906 | Lair:4   | Reached skill level 1 in Necromancy
 23906 | Lair:4   | Reached skill level 1 in Translocations
 24134 | D:3      | Bought a scroll of brand weapon for 220 gold pieces
 24425 | Lair:5   | Reached skill level 1 in Earth Magic
 24468 | Lair:5   | Killed Snorg
 24676 | Lair:6   | Entered Level 6 of the Lair of Beasts
 24695 | Lair:6   | Found a gate leading to a gauntlet.
 24706 | Gauntlet | Entered a Gauntlet
 24706 | Gauntlet | Found a transporter.
 24706 | Gauntlet | Found a transporter.
 24711 | Gauntlet | Found a transporter.
 24726 | Gauntlet | Found a transporter.
 24743 | Gauntlet | Found a transporter.
 24756 | Gauntlet | Found a transporter.
 24772 | Gauntlet | Found a transporter.
 24843 | Gauntlet | Found a transporter.
 24853 | Gauntlet | Found a transporter.
 24871 | Gauntlet | Found a transporter.
 24880 | Gauntlet | Found a transporter.
 24896 | Gauntlet | Found a transporter.
 24963 | Gauntlet | Found a transporter.
 24973 | Gauntlet | Found a transporter.
 24983 | Gauntlet | Found a transporter.
 25021 | Gauntlet | Found a transporter.
 25260 | Gauntlet | Reached XP level 15. HP: 128/128 MP: 18/18
 25343 | Gauntlet | Identified the +1 cloak of Faul {rElec rN+ Will- rCorr}
 25508 | Gauntlet | Identified the ring "Jerid" {rElec rN+ MP+9 Dex-5}
 25842 | Lair:6   | Found a large runed translucent door.
 25842 | Lair:6   | Found a large runed translucent door.
 26079 | Lair:6   | Found a staircase to the Slime Pits.
 27012 | D:13     | Found a gate to the Vaults.
 28048 | D:14     | Noticed Rupert
 28104 | D:14     | Paralysed by Rupert for 6 turns
 28136 | D:14     | Killed Rupert
 28174 | D:14     | Found Zogyak's Jewellery Emporium.
 28179 | D:14     | Bought a ring of see invisible for 285 gold pieces
 28645 | D:14     | Reached skill level 16 in Bows
 28747 | D:14     | Noticed Nessos
 28752 | D:14     | Killed Nessos
 28972 | D:14     | Reached XP level 16. HP: 99/138 MP: 21/21
 28976 | D:14     | Reached skill level 1 in Spellcasting
 29287 | D:15     | Entered Level 15 of the Dungeon
 29523 | D:15     | Found a staircase to the Depths.
 29985 | D:15     | Found Siwk's Changing Room.
 30054 | D:15     | Noticed Jorgrun
 30195 | D:15     | Killed Jorgrun
 30569 | Spider:1 | Entered Level 1 of the Spider Nest
 31377 | Spider:1 | Noticed Mlioglotl
 31385 | Spider:1 | Noticed a tentacled starspawn
 31387 | Spider:1 | Killed Mlioglotl
 31881 | Spider:1 | Found the +18 shield of the Gong {rElec rN+ Will+ EV-5}
 32456 | Spider:2 | Reached skill level 5 in Translocations
 32461 | Spider:1 | Reached skill level 5 in Necromancy
 32962 | Spider:2 | Reached skill level 10 in Evocations
 33128 | Spider:2 | Reached skill level 5 in Earth Magic
 34970 | Spider:3 | Reached XP level 17. HP: 119/146 MP: 26/26
 35312 | Spider:4 | Entered Level 4 of the Spider Nest
 36517 | Spider:4 | Reached skill level 17 in Bows
 37455 | Spider:4 | Identified the +1 quarterstaff "Wiedghah" {flame, rF+ rCorr
                  | Str+3}
 38477 | Spider:4 | Got a gossamer rune of Zot
 38799 | Elf:1    | Entered Level 1 of the Elven Halls
 39058 | Elf:1    | Found a magical portal.
 39065 | WizLab   | Entered Cigotuvi's Fleshworks
 39687 | WizLab   | Paralysed by a floating eye for 3 turns
 39697 | WizLab   | Paralysed by a floating eye for 2 turns
 39942 | WizLab   | Identified the amulet "Ephiacs Leoh" {Faith *Corrode +Inv
                  | rN+ Dex+3}
 40229 | WizLab   | Got Aweul's Collected Works on Transmutation
 40231 | WizLab   | Got Cigotuvi's Reference Book on Dark Transmutation
 40543 | Shoals:1 | Entered Level 1 of the Shoals
 40543 | Shoals:1 | Noticed Kirke
 40661 | Lair:2   | Killed Kirke
 41642 | Shoals:1 | Noticed Frances
 41651 | Shoals:1 | Killed Frances
 41674 | Shoals:1 | Reached XP level 18. HP: 128/156 MP: 29/29
 42489 | Shoals:2 | Reached skill level 5 in Spellcasting
 42623 | Shoals:2 | Noticed Louise
 42890 | Shoals:2 | Killed Louise
 43991 | Shoals:3 | Found a runed translucent door.
 44200 | Shoals:3 | Found Abloso Izxar's Weapon Shop.
 44378 | Shoals:3 | Found Uluttophe's Jewellery Emporium.
 44568 | Shoals:4 | Entered Level 4 of the Shoals
 45138 | Shoals:4 | Reached skill level 18 in Bows
 45548 | Shoals:4 | Got a barnacled rune of Zot
 45600 | Shoals:4 | Identified the +8 hand axe of Hasart's Doom {venom, rCorr}
 46054 | Elf:1    | Got Upouram's Almanac of Conjuration
 47152 | Elf:2    | Paralysed by an air elemental for 1 turns
 47183 | Elf:2    | Found a runed translucent gate.
 47183 | Elf:2    | Found a runed translucent gate.
 47184 | Elf:2    | Found a runed translucent gate.
 47187 | Elf:2    | Noticed RNPValinor's ghost (adept DsFi)
 47262 | Elf:2    | Noticed Azrael
 47434 | Elf:2    | Killed Azrael
 47744 | Elf:2    | Found a huge runed translucent gate.
 47744 | Elf:2    | Found a huge runed translucent gate.
 47744 | Elf:2    | Found a huge runed translucent gate.
 47745 | Elf:2    | Found a huge runed translucent gate.
 47746 | Elf:2    | Found a huge runed translucent gate.
 47855 | Elf:2    | Reached XP level 19. HP: 149/163 MP: 19/33
 47934 | Elf:3    | Entered Level 3 of the Elven Halls
 48248 | Elf:3    | Found Fazepuxa's Magic Scroll Shop.
 48256 | Elf:3    | Bought a scroll of magic mapping for 66 gold pieces
 48256 | Elf:3    | Bought a scroll of enchant armour for 142 gold pieces
 48256 | Elf:3    | Bought a scroll of enchant armour for 142 gold pieces
 48316 | Elf:3    | Noticed Roxanne
 48337 | Elf:3    | Killed Roxanne
 48625 | Elf:3    | Noticed Asterion
 48635 | Elf:3    | Killed Asterion
 49121 | Elf:3    | Identified the +0 robe of Distant Worlds {rN+ Will++ SInv
                  | Stlth+}
 49121 | Elf:3    | Identified the ring of Zeb Fape {Dex+5 SInv}
 49121 | Elf:3    | Identified the +7 rapier of Compassion {freeze, Str+4
                  | Stlth+}
 49251 | Elf:3    | Identified the +8 flail of Reinforcement {vorpal, Int+3}
 49254 | Elf:3    | Identified the +4 dagger "Yneymyuc" {antimagic, Fragile
                  | rPois Int+10}
 49398 | Elf:3    | Identified the +9 rapier of Xenliq {drain, Int+3 Dex+4}
 49417 | Elf:3    | Noticed Zenata
 49496 | Elf:3    | Killed Zenata
 49576 | Elf:3    | Identified the +5 scythe of Defenestration {vorpal, rF+}
 49595 | Elf:3    | Identified the +1 hand axe of the Sharp God {venom, +Blink}
 49919 | Depths:1 | Entered Level 1 of the Depths
 49980 | Depths:1 | Reached skill level 19 in Bows
 50009 | Depths:1 | Found a runed translucent door.
 50271 | Depths:1 | Found a gateway to Hell.
 50487 | Depths:1 | Found the ring of the Mage {Wiz Archmagi}
 51065 | Depths:2 | Found a one-way gateway to a ziggurat.
 51667 | Depths:2 | Reached XP level 20. HP: 165/165 MP: 36/36
 51890 | Depths:2 | Found a one-way gate leading to the halls of Pandemonium.
 52208 | Orc:2    | Bought a +2 troll leather armour for 405 gold pieces
 52551 | Depths:2 | Noticed a caustic shrike
 52563 | Depths:2 | Killed a caustic shrike
 52690 | Depths:2 | Identified the +6 dagger of Nemelex Xobeh's Fury
                  | {antimagic, Contam rC++ Str+2}
 52692 | Depths:2 | Identified the +4 hand axe of Wiuxem {flame, Fragile rCorr
                  | MP+9 Stlth+}
 52694 | Depths:2 | Identified the +5 triple crossbow of Ximo {penet, rElec rC+
                  | rN+++ Dex-2}
 53010 | Depths:3 | Found a one-way gate to the infinite horrors of the Abyss.
 53555 | Depths:3 | Noticed the Enchantress
 53942 | Depths:3 | Reached skill level 10 in Necromancy
 54324 | Depths:3 | Reached skill level 10 in Earth Magic
 54417 | Depths:3 | Reached skill level 20 in Bows
 54422 | Depths:3 | Killed the Enchantress
 54634 | Depths:4 | Entered Level 4 of the Depths
 54712 | Depths:4 | Noticed Vv
 54836 | Depths:3 | Identified the +10 quarterstaff of Hirchuopn {freeze, Fly
                  | Will++}
 54855 | Depths:4 | Noticed Mennas
 54862 | Depths:4 | HP: 3/176 [fire dragon/blast of flame (8)]
 54862 | Depths:4 | Identified the ring "Viruowku" {Ice rElec}
 54862 | Depths:4 | Noticed Josephina
 54877 | Depths:4 | HP: 7/176 [Mennas/+2 sacred scourge of holy wrath (19)]
 54877 | Depths:4 | Mangled by Mennas

Illustrated notes

Levels and vault maps discovered:
D:1:      ebering_trefoil_twist, layout_loops_corners, serial_shops, shop,
          chequers_ecumenical_altar_simple_redux
D:2:      minmay_general_purpose_star, layout_loops_ring, due_unseen_surprise
D:3:      layout_rooms, pf_just_have_faith, serial_shops, nicolae_shop_crystal,
          minmay_between, uniq_ijyb
D:4:      layout_layer_cave, lemuel_coloured_pillars_altar, serial_shops, shop,
          shop_statue, nicolae_shop_advertising_works
          [nicolae_subvault_shop_adworks], nicolae_shop_stone,
          kennysheep_little_box, kennysheep_generic_room_4,
          uniq_crazy_yiuf_cottage, uniq_edmund
D:5:      layout_gridville, serial_glass, glass_columns_a, glass_columns_c,
          feat_on_display, due_unseen_surprise, minmay_strange_pillars,
          feat_on_display
D:6:      layout_loops_ring, minmay_temple_entry_grid, kennysheep_generic_room_2
D:7:      layout_loops_cross, nicolae_gozag_seed_capital, elyvilon_altar_3,
          enter_bailey_2, uniq_prince_ribbit1
D:8:      layout_rooms, mainiacjoe_overflow_six_doors_small, uniq_joseph
D:9:      minmay_the_grid_triangle_9x9_rhombus_full
          [minmay_the_grid_triangle_9x9_thin_v,
          minmay_the_grid_triangle_9x9_fully_insulated_deathbox,
          minmay_the_grid_triangle_9x9_limited_checkers,
          minmay_the_grid_triangle_9x9_flanged_cone,
          minmay_the_grid_triangle_9x9_wacky_v,
          minmay_the_grid_triangle_9x9_negative_grid,
          minmay_the_grid_triangle_9x9_cache,
          minmay_the_grid_triangle_9x9_prize_top_heavy], layout_loops_ring,
          serial_undead, serial_undead_c, serial_undead_b, serial_undead_d,
          serial_undead_e, uniq_maurice
D:10:     layout_basic, mainiacjoe_overflow_boulevard
D:11:     layout_grid_maze, lair_entry_dummy
D:12:     layout_stronghold, david_orc_4, minmay_rotating_lava
D:13:     layout_gridville, hangedman_vaults_entry_quadrant_bands
D:14:     layout_layer_cave, chequers_serial_rivers_small_3, serial_shops,
          nicolae_shop_hallway_plus, hangedman_incinerator, uniq_nessos,
          uniq_rupert
D:15:     hangedman_depths_entry_civil_slaughter, layout_stronghold,
          minmay_misc_feat_nine_boxes, nicolae_transmutations_shop,
          minmay_variable_closet, hangedman_aviary, uniq_jorgrun
Lair:1:   layout_regular_city
Lair:2:   regret_index_bee_streams, layout_long_grid, minmay_shoals_entry_hut,
          basic_altar, special_room [special_room_bee], grunt_megastairs_2,
          uniq_erica, uniq_gastronok
Lair:3:   layout_gridlike, spider_nest_entry_a, grunt_megastairs_1,
          lemuel_fruit_fields, lemuel_fruit_tree, serial_bayou_shore_b
Lair:4:   layout_cave_shapes, nicolae_lair_time_for_slime,
          infiniplex_staircase_pool, serial_bayou_shore_b
Lair:5:   layout_regular_city, uniq_snorg
Lair:6:   cheibrodos_lair_end_hotspot, layout_hall_layers, slime_altar_1,
          gauntlet_entry_generic, special_room [special_room_mythical_zoo],
          minivault_23, lemuel_oklob_altar
Shoals:1: layout_shoals, uniq_frances, uniq_kirke
Shoals:2: layout_shoals, uniq_louise
Shoals:3: layout_shoals, serial_shops, shop_fountains, nicolae_take_the_stairs,
          lightli_airlock, uniq_aizul
Shoals:4: shoals_end_hellmonk_lost_city
Spider:1: layout_chambers, uniq_mlioglotl
Spider:2: layout_spider_delve
Spider:3: layout_spider_delve, einodemon_crawler_minivault,
          nicolae_spider_cling_halls
Spider:4: hellmonk_spider_rune_bug_friends, nicolae_spider_moth_buddies
Orc:1:    layout_diamond_mine
Orc:2:    st_orc_congregation, layout_diamond_mine, nicolae_orc_bridge_out,
          hellmonk_guarded_unrand_dark_maul, uniq_donald
Elf:1:    layout_loops_corners, infiniplex_enter_wizlab_spiral,
          minmay_elf_sorcery
Elf:2:    elven_hall_of_blades_hangedman_alternative
          [nicolae_blade_entry_sentries_behind_glass], layout_loops_cross,
          ebering_ghost_gozag, uniq_azrael
Elf:3:    minmay_elf_hall_x, layout_loops_corners, serial_shops,
          nicolae_shop_stone, uniq_asterion, uniq_zenata, uniq_roxanne
Depths:1: layout_honeycomb, grunt_mini_vestibule, minmay_guarded_unrand_mage
Depths:2: kennysheep_bubble_arena, layout_gridlike, enter_ziggurat_a,
          special_room [special_room_mythical_zoo], hell_entry,
          grunt_pan_entry_zigzag, minmay_staircase_bubble, serial_bayou_shore_b,
          serial_bayou_shore_b
Depths:3: grunt_bruiser_brothers, layout_gridlike, grunt_hell_entry_dis_grunt,
          dk_noncrumbling_2, pan_entry, abyss_entry,
          nicolae_qazlal_style_of_elements, firewood_loft,
          infiniplex_staircase_door_maze, uniq_enchantress
Depths:4: evilmike_zot_entry_basic, layout_cave_pools, hell_entry, abyss_entry,
          nicolae_ru_sacrificial_ziggurat, minmay_shop_star,
          serial_bayou_shore_b, serial_bayou_shore_b, serial_bayou_shore_b,
          uniq_josephina, uniq_mennas, uniq_vv

Skill      XL: |  1  2  3  4  5  6  7  8  9 10 11 12 13 14 15 16 17 18 19 20 |
---------------+-------------------------------------------------------------+-----
Stealth        | 1 2 3 4 5 6 8 9 10 11 12 13 14 | 14.0
Fighting       | 2 3 4 5 6 7 8 9 10 11 12 13 14 | 14.6
Dodging        | 2 3 4 5 6 7 8 9 10 11 12 13 14 | 14.5
Bows           | 4 5 6 7 8 9 10 12 14 15 16 17 18 19 20 | 20.2
Summonings     | 1 2 3 4 5 6 |  6.0
Evocations     | 1 2 3 4 5 7 8 9 10 | 10.0
Necromancy     | 1 4 5 6 8 9 10 | 10.3
Translocations | 1 4 5 6 7 |  7.0
Earth Magic    | 1 3 5 6 8 9 10 | 10.0
Spellcasting   | 3 4 6 7 8 |  8.0

Action                   |  1- 3 |  4- 6 |  7- 9 | 10-12 | 13-15 | 16-18 | 19-21 || total
-------------------------+-------+-------+-------+-------+-------+-------+-------++-------
Melee: Unarmed           |       |       |       |       |       |     5 |       ||     5
 Fire: Shortbow          |    93 |   262 |   450 |  1089 |  1127 |       |       ||  3021
       Longbow           |       |       |       |       |   656 |  1980 |   994 ||  3630
 Cast: Summon Small Mamm |       |     1 |       |     1 |       |       |       ||     2
       Call Canine Famil |       |       |       |    17 |     3 |       |       ||    20
       Borgnjor's Vile C |       |       |       |       |       |    11 |    46 ||    57
Evoke: Wand              |       |     2 |    12 |     5 |     5 |     8 |     3 ||    35
       Condenser vane    |       |       |       |       |     2 |       |     1 ||     3
       Phial of floods   |       |       |       |       |     1 |       |       ||     1
       Phantom mirror    |       |       |       |       |       |     1 |     2 ||     3
       Box of beasts     |       |       |       |       |       |     1 |     1 ||     2
       Tin of tremorston |       |       |       |       |       |       |     1 ||     1
  Use: Scroll            |       |     7 |     8 |     7 |    14 |    11 |     6 ||    53
       Potion            |       |     1 |     1 |     2 |     1 |     4 |     3 ||    12
Armor: Leather armour    |     8 |    32 |     1 |       |       |       |       ||    41
       Skin              |       |     4 |       |       |       |       |       ||     4
       Steam dragon scal |       |       |    51 |    38 |       |       |       ||    89
       Troll leather arm |       |       |       |   147 |   275 |   243 |    67 ||   732
       Acid dragon scale |       |       |       |       |       |       |    11 ||    11
Dodge: Dodged            |    19 |   115 |   188 |   532 |  1105 |  1390 |   630 ||  3979
       Repelled          |       |       |       |       |       |    12 |     1 ||    13

Table legend: (Time is in decaauts)
 A = Elapsed time spent in this place.
 B = Non-inter-level travel time spent in this place.
 C = Inter-level travel time spent in this place.
 D = Time resting spent in this place.
 E = Time spent auto-exploring this place.
 F = Levels seen in this place.
 G = Mean time per level.
                   A        B        C        D        E       F      G
               +--------+--------+--------+--------+--------+-----+--------+
         Total |  55263 |  47659 |   7604 |   9992 |  24345 |  41 | 1347.9 |
       Dungeon |  21489 |  16850 |   4639 |   1424 |  10477 |  15 | 1432.6 |
          Lair |   6847 |   5571 |   1276 |    435 |   3466 |   6 | 1141.2 |
        Shoals |   5316 |   5086 |    230 |   2346 |   1734 |   4 | 1329.0 |
   Spider Nest |   7736 |   7345 |    391 |   3825 |   2178 |   4 | 1934.0 |
  Orcish Mines |   3345 |   2645 |    700 |    303 |   1183 |   2 | 1672.5 |
   Elven Halls |   3832 |   3675 |    157 |    621 |   2038 |   3 | 1277.3 |
        Depths |   4505 |   4296 |    209 |    346 |   2847 |   4 | 1126.2 |
        Bailey |     41 |     41 |      0 |      0 |      0 |   1 |   41.0 |
        Wizlab |   1292 |   1292 |      0 |    582 |    120 |   1 | 1292.0 |
      Gauntlet |    856 |    856 |      0 |    105 |    300 |   1 |  856.0 |
               +--------+--------+--------+--------+--------+-----+--------+

Top non-repeatable levels by time:
     D:9: 3545 daAuts
   Orc:2: 2700 daAuts
Spider:3: 2255 daAuts
    D:12: 2138 daAuts
Spider:1: 2022 daAuts
    D:11: 1963 daAuts
Spider:4: 1957 daAuts
   Elf:3: 1784 daAuts
Shoals:2: 1685 daAuts
Depths:3: 1672 daAuts
     D:4: 1564 daAuts
Depths:2: 1562 daAuts
Spider:2: 1501 daAuts
    D:14: 1480 daAuts
  Lair:2: 1427 daAuts
